 Dungeon Crawl Stone Soup version 0.27.1 (webtiles) character file.

Game seed: 13576716590300669254

237086 GameOver the Lord of Darkness (level 19, 0/151 HPs)
             Began as a Naga Hedge Wizard on Aug 26, 2021.
             Was the Champion of Kikubaaqudgha.
             Slain by Jory (25 damage)
             ... on level 2 of the Vaults on Aug 27, 2021.
             The game lasted 06:21:10 (31198 turns).

GameOver the Lord of Darkness (Naga Hedge Wizard)  Turns: 31198, Time: 06:21:11

Health: 0/151      AC: 26    Str: 12 (13) XL:     19   Next: 68%
Magic:  23/51      EV: 13    Int: 29      God:    Kikubaaqudgha [******]
Gold:   197        SH: 12    Dex: 12      Spells: 5/38 levels left

rFire    + + .     SeeInvis +   w - +6 quick blade (pain)
rCold    + . .     Faith    .   P - +2 kite shield {rF+}
rNeg     . . .     Spirit   .   k - +0 robe of Dogma {Regen+ MP+9 Archmagi}
rPois    +         Reflect  .   c - +2 helmet
rElec    +         Harm     +   z - scarf {repulsion}
rCorr    .         Rampage  .   v - +2 pair of gloves {Stlth+}
Will     +++..     Archmagi +   h - +3 barding of Feasting {Harm}
Stlth    ++++++....             D - amulet of magic regeneration
HPRegen  1.35/turn              y - ring of Finality {Drain Will+ MP+9 AC+4 Int+6}
MPRegen  0.57/turn              E - ring "Zaur" {rF+ rC+ Int+2}

@: short of breath, death channeling, wereblooded, repel missiles, very slow
A: AC +6, large, see invisible, deformed body, poison resistance, slowness 2,
spit poison 1, naga tail 2, deterioration 1, electricity resistance, wild magic
1
}: 1/15 runes: decaying
a: Spit Poison, Renounce Religion, Receive Corpses, Torment


You were on level 2 of the Vaults.
You worshipped Kikubaaqudgha.
Kikubaaqudgha was exalted by your worship.
You visited 8 branches of the dungeon, and saw 35 of its levels.
You also visited: Bailey and Volcano.

You collected 4388 gold pieces.
You spent 4191 gold pieces at shops.

Inventory:

Hand Weapons
 s - the +9 spear of the Stork {vorpal, rPois rC- Dex+4 Stlth+}
   (You found it on level 7 of the Dungeon)

   It inflicts extra damage upon your enemies.
   Dex:       It affects your dexterity (+4).
   rC:        It makes you vulnerable to cold.
   rPois:     It protects you from poison.
   Stlth:     It makes you more stealthy.
 w - a +6 quick blade of pain (weapon)
Armour
 c - a +2 helmet (worn)
 h - the +3 barding of Feasting (worn) {Harm}
   (You acquired it on level 14 of the Dungeon)

   Harm:      It increases damage dealt and taken.
 k - the +0 robe of Dogma (worn) {Regen+ MP+9 Archmagi}
   (You found it on level 5 of the Dungeon)

   MP:        It affects your magic capacity (+9).
   Regen:     It increases your rate of health regeneration.
   Archmagi:  It increases the power of your magical spells.
 v - a +2 pair of gloves of stealth (worn)
 z - a scarf of repulsion (worn)
 P - a +2 kite shield of fire resistance (worn)
Magical Staves
 e - a staff of death
Jewellery
 y - the ring of Finality (left hand) {Drain Will+ MP+9 AC+4 Int+6}
   (You bought it in a shop on level 2 of the Snake Pit)

   [ring of protection]

   AC:        It affects your AC (+4).
   Int:       It affects your intelligence (+6).
   MP:        It affects your magic capacity (+9).
   Drain:     It drains your maximum health when unequipped.
   Will:      It increases your willpower.
 D - an amulet of magic regeneration (around neck)
 E - the ring "Zaur" (right hand) {rF+ rC+ Int+2}
   (You bought it in a shop on level 2 of the Elven Halls)

   [ring of protection from fire]

   Int:       It affects your intelligence (+2).
   rF:        It protects you from fire.
   rC:        It protects you from cold.
Wands
 j - a wand of iceblast (22)
 B - a wand of paralysis (7)
 V - a wand of acid (30)
 W - a wand of digging (17)
Scrolls
 b - 2 scrolls of blinking
 f - 4 scrolls of immolation
 i - a scroll of amnesia
 l - 2 scrolls of torment
 m - 6 scrolls of fog
 r - 14 scrolls of identify
 u - 10 scrolls of teleportation
 x - 2 scrolls of vulnerability
 H - 4 scrolls of holy word
 J - 2 scrolls of fear
 T - 3 scrolls of magic mapping
 Z - 3 scrolls of summoning
Potions
 a - 5 potions of haste
 d - a potion of berserk rage
 g - 2 potions of flight
 o - 3 potions of invisibility
 q - 3 potions of resistance
 t - 5 potions of heal wounds
 A - 11 potions of curing
 C - 6 potions of attraction
 F - a potion of cancellation
 O - 3 potions of ambrosia
 R - 2 potions of might
 U - a potion of magic
Miscellaneous
 G - a condenser vane
 K - a box of beasts
 N - a phial of floods


   Skills:
 * Level 5.1 Fighting
 - Level 8.0 Short Blades
 - Level 10.0 Polearms
 - Level 5.0 Armour
 - Level 13.0 Dodging
 * Level 12.7 Stealth
 - Level 9.0 Shields
 - Level 10.0 Spellcasting
 - Level 6.0 Conjurations
 - Level 9.0 Summonings
 + Level 16.8 Necromancy
 - Level 3.0 Translocations
 + Level 1.8 Transmutations
 - Level 9.0 Ice Magic
 - Level 9.0 Air Magic
 - Level 6.0 Poison Magic
 - Level 3.0 Evocations


You had 5 spell levels left.
You knew the following spells:

 Your Spells              Type           Power      Damage    Failure   Level
b - Blink                 Tloc           N/A        N/A       3%          2
c - Dispel Undead         Necr           100%       3d31      1%          4
d - Mephitic Cloud        Conj/Pois/Air  82%        N/A       1%          3
f - Frozen Ramparts       Ice            100%       1d12      1%          3
q - Death Channel         Necr           60%        N/A       1%          6
w - Animate Dead          Necr           60%        N/A       1%          4
x - Wereblood             Tmut           48%        N/A       4%          2
Q - Summon Lightning Spi  Summ/Air       92%        N/A       1%          4
X - Ozocubu's Armour      Ice            92%        N/A       1%          3
Z - Sublimation of Blood  Necr           60%        N/A       1%          2

Your spell library contained the following spells:

 Spells                   Type           Power      Damage    Failure   Level
 Freeze                   Ice            100%       1d11      1%          1
 Magic Dart               Conj           100%       1d8       1%          1
 Pain                     Necr           100%       1d9       1%          1
 Shock                    Conj/Air       100%       1d9       1%          1
 Sting                    Tmut/Pois      100%       1d8       1%          1
 Call Imp                 Summ           92%        N/A       1%          2
 Corpse Rot               Necr/Air       N/A        N/A       1%          2
 Ensorcelled Hibernation  Hex/Ice        100%       N/A       1%          2
 Poisonous Vapours        Pois/Air       100%       N/A       1%          2
 Searing Ray              Conj           100%       3d7       1%          2
 Swiftness                Air            92%        N/A       1%          3
 Vampiric Draining        Necr           60%        2d14      1%          3
 Airstrike                Air            46%        N/A       1%          4
 Summon Ice Beast         Ice/Summ       92%        N/A       1%          4
 Excruciating Wounds      Necr           60%        N/A       1%          5
 Beastly Appendage        Tmut           96%        N/A       3%          1
 Hailstorm                Conj/Ice       85%        3d17      3%          4
 Spider Form              Tmut/Pois      32%        N/A       4%          3
 Conjure Flame            Conj/Fire      58%        6-21      5%          3
 Gell's Gravitas          Tloc           29%        N/A       5%          3
 Lesser Beckoning         Tloc           29%        N/A       5%          3
 Stone Arrow              Conj/Erth      100%       3d13      5%          3
 Teleport Other           Tloc           58%        N/A       5%          3
 Olgreb's Toxic Radiance  Pois           77%        N/A       5%          4
 Corona                   Hex            31%        N/A       6%          1
 Sandblast                Erth           56%        2d13      6%          1
 Passwall                 Tmut/Erth      31%        N/A       7%          2
 Lightning Bolt           Conj/Air       42%        1d62      8%          5
 Slow                     Hex            28%        N/A       9%          2
 Animate Armour           Summ/Erth      100%       N/A       10%         4
 Iskenderun's Mystic Bla  Conj/Tloc      68%        2d14      10%         4
 Confusing Touch          Hex            28%        N/A       16%         3
 Fulminant Prism          Conj/Hex       29%        3d14      16%         4
 Sticky Flame             Conj/Fire      58%        2d7       16%         4
 Metabolic Englaciation   Hex/Ice        34%        N/A       22%         5
 Summon Mana Viper        Hex/Summ       68%        N/A       22%         5
 Petrify                  Tmut/Erth      38%        N/A       34%         4
 Bolt of Magma            Conj/Fire/Erth 25%        4d12      50%         5
 Yara's Violent Unravell  Hex/Tmut       19%        3d9       67%         5
 Lee's Rapid Deconstruct  Erth           14%        3d10*     78%         5
 Simulacrum               Ice/Necr       54%        N/A       4%          6
 Shadow Creatures         Summ           N/A        N/A       21%         6
 Haunt                    Necr/Summ      54%        N/A       22%         7
 Infestation              Necr           60%        N/A       32%         8
 Ozocubu's Refrigeration  Ice            46%        4d14      69%         7
 Statue Form              Tmut/Erth      25%        N/A       99%         6
 Necromutation            Tmut/Necr      46%        N/A       99%         8
 Invisibility             Hex            14%        N/A       100%        6
 Shatter                  Erth           14%        3d14*     100%        9


Dungeon Overview and Level Annotations

Branches:
Dungeon (15/15)            Temple (1/1) D:5            Lair (6/6) D:9
  Swamp (4/4) Lair:4        Snake (3/4) Lair:3        Slime (0/5) Lair:6
    Orc (2/2) D:11            Elf (2/3) Orc:2        Vaults (2/5) D:13
 Depths (0/5) D:15         Bailey (visited)         Volcano (visited)
  Crypt: Vaults:2-3

Altars:
Ashenzari
Cheibriados
Dithmenos
Elyvilon
Fedhas
Gozag
Hepliaklqana
Kikubaaqudgha
Makhleb
Nemelex Xobeh
Okawaru
Qazlal
Ru
Sif Muna
Trog
Uskayaw
Vehumet
Wu Jian
Xom
Yredelemnul
Zin
The Shining One

Shops:
D:8 *   D:11 !   Orc:2 =(([(   Elf:2 *!=!   Snake:1 =   Snake:2 =
Vaults:1 *!?(=   Vaults:2 ?

Portals:
Abyss: Lair:4

Annotations:
Snake:3 exclusion: oklob plant
Elf:2 3 runed translucent doors
Vaults:2 Jory


Innate Abilities, Weirdness & Mutations

Your serpentine skin is tough. (AC +6)
You have supernaturally acute eyesight. (SInv)
Armour fits poorly on your strangely shaped body.
Your system is resistant to poisons. (rPois)
You cover ground very slowly.
You can spit poison.
You can use your snake-like lower body to constrict enemies.
Your body sometimes deteriorates upon taking damage.
You are resistant to electric shocks. (rElec)
Your spells are a little harder to cast, but a little more powerful.


Message History

A searing pain shoots up your scaled arm!
w - a +6 quick blade of pain (weapon)
You block the harpy's attack. The harpy claws you but does no damage.
Your lightning spire shoots out a bolt of lightning at the harpy!
The bolt of electricity misses the harpy.
Unknown command.
Press: ? - help, Shift-Dir - straight line, f/p - harpy
Aim: a harpy (severely wounded, ally target)
The splash of poison hits the harpy.
The harpy is almost dead.
You block the harpy's attack. x2; Jory blinks!
You completely miss the harpy. You grab the harpy.
The harpy is almost dead.
You constrict the harpy, but do no damage.
You block the harpy's attack. x2
Unknown command.
You hit the harpy.
You feel a bit better.
You kill the harpy!
Kikubaaqudgha accepts your kill.
A glowing mist starts to gather...
Unknown command.
You feel better.
Your lightning spire shoots out a bolt of lightning at the flying skull!
The bolt of electricity hits the flying skull.
The flying skull resists.
The bolt of electricity hits the ironbound frostheart!!
Unknown command.
Casting: Summon Lightning Spire (mildly dangerous; 1% risk of failure)
Confirm with . or Enter, or press ? or * to list all spells.
Aiming: Dispel Undead (safe; 1% risk of failure)
Press: ? - help, Shift-Dir - straight line, f - flying skull
Aim: a flying skull (severely damaged, ally target, 100% to hit)
You feel a surge of power!
The flying skull is dispelled!!
You feel a bit better.
You destroy the flying skull!
Kikubaaqudgha accepts your kill.
You howl as the wereblood boils in your veins!
Jory hits you with a +1 vorpal great sword!!
You die...
Kikubaaqudgha rasps: "You have failed me!
Welcome... death!"

########################
.................8......
.....8............).....
..........WZ.....§†.)...
......Z@.p.Z....W.Z))...
.......V.........z......
................p.Z#####
...................'.
...................#.
...................'.
#######...8........#..
#............#
#.8.∩<8......#


You could see Jory (ally target), an eidolon, an ironbound frostheart, a
friendly spectral harpy, a friendly spectral vault sentinel, a friendly spectral
ironbound convoker and a friendly lightning spire (summoned).

Vanquished Creatures
  Asterion (Elf:1)
  A sphinx (Vaults:2)
  A fenstrider witch (Swamp:2)
  A fenstrider witch (shapeshifter) (D:13)
  A deep elf sorcerer (Elf:1)
  A fire giant (Vaults:1)
  2 frost giants
  3 vault wardens (Vaults:1)
  Louise (Snake:2)
  An orc warlord (Vaults:1)
  2 ironbound preservers (Vaults:1)
  A war gargoyle (Vaults:1)
  A vampire knight (Vaults:2)
  A very ugly thing (Swamp:4)
  A stone giant (Vaults:1)
  Azrael (Elf:2)
  The ghost of Teryn the Corrupter of Planes, a journeyman DsAK of Lugonu (Orc:1)
  3 bunyips
  The ghost of kocsisss the Basher, a journeyman MiBe of Trog (Lair:4)
  A green death (Swamp:4)
  2 eleionomae
  An ettin (Orc:1)
  5 yaktaur captains
  An ironbound thunderhulk (Vaults:1)
  20 hydras
  2 naga warriors
  2 hell beasts (Swamp:4)
  An ice dragon (D:10)
  2 vault guards (Vaults:1)
  7 boulder beetles
  6 centaur warriors
  2 catoblepae
  2 ghost crabs (Swamp:4)
  4 ironbound frosthearts (Vaults:1)
  12 dancing weapons
  8 two-headed ogres
  8 anacondas
  2 tengu warriors (D:15)
  7 alligators
  An ironbound beastmaster (Vaults:1)
  4 death yaks (Lair:6)
  5 orc high priests
  A spriggan berserker (Swamp:2)
  4 naga sharpshooters
  2 thrashing horrors
  The ghost of Tutankhamun the Carver, a journeyman VSBe of Trog (D:10)
  5 shock serpents
  8 deep elf knights
  10 skeletal warriors
  3 salamander mystics
  2 spriggan druids
  4 swamp dragons
  7 deep trolls (Vaults:1)
  A harpy (Vaults:2)
  4 bog bodies
  2 goliath frogs
  A swamp dragon (shapeshifter) (Elf:2)
  4 wizards
  A phantasmal warrior (Vaults:1)
  11 deep elf archers
  5 ironbound convokers
  26 deep elf pyromancers
  4 lindwurms
  10 orc knights
  20 deep elf zephyrmancers
  2 orc sorcerers (Orc:2)
  3 will-o-the-wisps
  8 ugly things
  9 salamanders
  A manticore (D:14)
  A worldbinder (Lair:4)
  5 cyclopes
  12 black mambas
  A moth of wrath (D:10)
  2 elephants
  2 torpor snails (Lair:4)
  3 guardian serpents
  3 vault sentinels
  5 naga magi
  A gargoyle (D:11)
  A cane toad (shapeshifter) (D:13)
  17 cane toads
  An unseen horror (D:12)
  A kobold demonologist (D:12)
  3 rime drakes
  A hellion (Lair:4)
  A freezing wraith (D:14)
  11 komodo dragons
  21 yaktaurs
  A hellwing (Lair:4)
  2 demonic crawlers (Lair:4)
  3 meliai (D:15)
  A polar bear (Lair:5)
  5 trolls
  4 tyrant leeches
  A raiju (Lair:4)
  18 blink frogs
  A meliai zombie (D:11)
  7 hornets
  25 slime creatures
  A dream sheep (Lair:6)
  A water elemental (Elf:1)
  A flying skull (Vaults:2)
  6 spriggans
  An air elemental (Elf:2)
  3 wyverns
  7 shadows
  4 wraiths
  46 yaks
  6 fire elementals
  10 vampire mosquitoes
  2 steam dragons
  4 basilisks
  4 wargs
  Menkaure (D:7)
  21 nagas
  14 swamp worms
  2 acid dragons
  14 water moccasins
  A large abomination (Swamp:4)
  3 hell hounds
  A hornet zombie (D:7)
  21 orc warriors
  2 sky beasts
  13 ice beasts (D:10)
  4 ogres
  19 wolves
  A phantom (D:6)
  12 centaurs
  A kobold brigand (D:7)
  An earth elemental (Elf:1)
  Blork the orc (D:4)
  19 bullfrogs
  7 gnoll sergeants
  2 scorpions
  A wyvern skeleton (D:7)
  9 killer bees
  9 wights
  7 electric eels
  3 howler monkeys
  3 centaur zombies
  8 orc priests
  5 hounds
  2 jellies
  Crazy Yiuf (D:3)
  A centaur skeleton (D:4)
  Ijyb (D:3)
  Jessica (D:3)
  5 gnoll shamans
  6 iguanas
  14 orc wizards
  3 killer bee zombies
  Robin (D:3)
  A howler monkey skeleton (D:6)
  15 gnolls
  5 adders
  A shadow imp (D:7)
  A white imp (D:7)
  2 worms
  2 dart slugs
  51 orcs
  6 endoplasms
  A giant cockroach (D:2)
  12 hobgoblins
  5 jackals
  8 ball pythons
  5 bats
  3 frilled lizards
  12 goblins
  11 kobolds
  5 rats
931 creatures vanquished.

Vanquished Creatures (collateral kills)
  Nikola (Snake:3)
  A tentacled monstrosity (Swamp:2)
  A sphinx (Vaults:2)
  A very ugly thing (Swamp:4)
  3 bunyips (Swamp:3)
  A yaktaur captain (Vaults:2)
  A green death (Swamp:4)
  A shambling mangrove (Swamp:1)
  7 hydras
  A great orb of eyes (Swamp:4)
  A peacekeeper (Vaults:1)
  5 naga warriors
  A spriggan air mage (Swamp:2)
  A two-headed ogre (Orc:1)
  2 anacondas (Snake:2)
  2 alligators
  8 naga sharpshooters (Snake:2)
  A dancing weapon (Elf:1)
  A spriggan berserker (Swamp:2)
  A goliath frog (Lair:6)
  A skeletal warrior (D:11)
  4 bog bodies
  A spriggan druid (Swamp:4)
  A swamp dragon (Swamp:3)
  3 deep elf archers
  An ironbound convoker (Vaults:2)
  2 deep elf zephyrmancers (Elf:1)
  4 deep elf pyromancers
  2 orc sorcerers (Orc:2)
  A will-o-the-wisp (Swamp:2)
  An ugly thing (Swamp:4)
  3 salamanders (Snake:2)
  12 black mambas
  3 guardian serpents
  4 elephants (Lair:5)
  A torpor snail (Lair:6)
  A vault sentinel (Vaults:1)
  3 naga magi
  A gargoyle (D:10)
  2 orange demons (Swamp:4)
  7 cane toads
  A komodo dragon (Lair:6)
  Maggie (Lair:1)
  An efreet (D:15)
  2 yaktaurs (Vaults:1)
  A troll (D:10)
  2 polar bears
  5 hornets (Swamp:1)
  3 slime creatures (Swamp:4)
  7 blink frogs (Lair:6)
  2 dream sheep
  A wyvern (Lair:3)
  4 spriggans
  2 fire elementals (Volcano)
  A wraith (Vaults:2)
  11 yaks
  A shadow (D:12)
  A basilisk (Lair:2)
  7 swamp worms
  16 nagas
  2 water moccasins
  4 hell hounds
  7 ice beasts (D:10)
  A black bear (Lair:5)
  5 orc warriors
  A centaur (D:14)
  7 wolves
  A bullfrog (Lair:6)
  A kobold brigand (D:10)
  2 gnoll sergeants (Bailey)
  3 killer bees (D:10)
  A wight (D:9)
  A hound (Bailey)
  An orc priest (Orc:1)
  2 gnoll shamans (Bailey)
  6 orc wizards
  3 gnolls (Bailey)
  8 orcs
  2 kobolds (D:10)
226 creatures vanquished.

Vanquished Creatures (others)
  A spriggan (Swamp:1)
  2 deep elf pyromancers
  A will-o-the-wisp (Swamp:1)
  A kobold demonologist (D:9)
  4 bloated husks
  A hornet (Swamp:1)
  An orc warrior (D:9)
  A centaur (D:9)
  A gnoll sergeant (D:9)
  2 killer bees (D:10)
  2 electric eels (D:10)
  2 centaur zombies (D:9)
  An orc priest (Elf:2)
  A gnoll shaman (D:9)
  3 orc wizards
  28 foxfires
  56 fungi
  127 plants
  9 toadstools (Lair:4)
244 creatures vanquished.

Grand Total: 1401 creatures vanquished

Notes
Turn   | Place    | Note
-------+----------+-------------------------------------------
     0 | D:1      | GameOver the Naga Hedge Wizard began the quest for the Orb.
     0 | D:1      | Reached XP level 1. HP: 15/15 MP: 4/4
   162 | D:1      | Reached XP level 2. HP: 17/22 MP: 4/6
   692 | D:1      | Reached XP level 3. HP: 28/28 MP: 3/7
   695 | D:1      | Learned a level 2 spell: Blink
   699 | D:1      | Learned a level 3 spell: Mephitic Cloud
   808 | D:2      | Found a faded altar of an unknown god.
   842 | D:2      | You fall into a shaft and drop 2 floors!
   847 | D:5      | Entered Level 5 of the Dungeon
   861 | D:5      | Reached XP level 4. HP: 36/36 MP: 5/8
   884 | D:5      | Found a staircase to the Ecumenical Temple.
   890 | Temple   | Entered the Ecumenical Temple
   912 | Temple   | Became a worshipper of Kikubaaqudgha
   974 | D:5      | Found a radiant altar of Vehumet.
   974 | D:5      | Found a sparkling altar of Nemelex Xobeh.
  1020 | D:5      | Identified the +0 robe of Dogma {Regen+ MP+9 Archmagi}
  1048 | D:4      | Noticed a centaur
  1068 | D:4      | Killed a centaur
  1069 | D:4      | Reached skill level 5 in Conjurations
  1069 | D:4      | Reached XP level 5. HP: 33/42 MP: 1/9
  1111 | D:4      | Reached skill level 1 in Poison Magic
  1111 | D:4      | Reached XP level 6. HP: 30/49 MP: 7/10
  1383 | D:2      | Reached * piety under Kikubaaqudgha
  1383 | D:2      | Received a gift from Kikubaaqudgha
  1975 | D:3      | Noticed Jessica
  1980 | D:3      | Killed Jessica
  2024 | D:3      | Found a runed translucent door.
  2025 | D:3      | Noticed Crazy Yiuf
  2047 | D:3      | Killed Crazy Yiuf
  2121 | D:3      | Reached XP level 7. HP: 55/55 MP: 11/11
  2124 | D:3      | Noticed Robin
  2131 | D:3      | Noticed Ijyb
  2149 | D:3      | Killed Robin
  2153 | D:3      | Killed Ijyb
  2154 | D:3      | Reached skill level 5 in Stealth
  2485 | D:4      | Noticed Blork the orc
  2496 | D:4      | Killed Blork the orc
  3511 | D:6      | Reached skill level 5 in Poison Magic
  3647 | D:6      | Reached XP level 8. HP: 45/62 MP: 12/12
  3784 | D:7      | Found an iron altar of Okawaru.
  3873 | D:7      | Reached skill level 1 in Necromancy
  3901 | D:7      | Reached skill level 2 in Necromancy
  3927 | D:7      | Reached skill level 3 in Necromancy
  3961 | D:7      | Found a bloodstained altar of Trog.
  3967 | D:7      | Reached ** piety under Kikubaaqudgha
  4173 | D:7      | Reached XP level 9. HP: 68/68 MP: 15/15
  4181 | D:7      | Learned a level 2 spell: Sublimation of Blood
  4258 | D:7      | Reached skill level 4 in Necromancy
  4315 | D:7      | Noticed a cyclops
  4327 | D:7      | Noticed Menkaure
  4340 | D:7      | Noticed an eight-headed hydra
  4357 | D:7      | Got the Tome of Doomed Execration
  4379 | D:7      | Reached skill level 5 in Spellcasting
  4394 | D:7      | Killed a cyclops
  4395 | D:7      | Reached skill level 5 in Necromancy
  4630 | D:7      | Noticed a seven-headed hydra
  4747 | D:8      | Found Tierips's Assorted Antiques.
  4755 | D:8      | Bought an ancient pewter ring for 155 gold pieces
  4755 | D:8      | Identified the ring of the Magpie {Ice rN++ MP-9} (You
                  | bought it in a shop on level 8 of the Dungeon)
  4756 | D:8      | Bought a potion of lignification for 93 gold pieces
  4977 | D:9      | Killed a kobold demonologist
  5079 | D:9      | Reached skill level 6 in Necromancy
  5088 | D:9      | Reached XP level 10. HP: 74/75 MP: 17/17
  5121 | D:9      | Reached skill level 5 in Dodging
  5123 | D:9      | Noticed a two-headed ogre
  5144 | D:9      | Found a shimmering altar of Xom.
  5171 | D:9      | Killed a two-headed ogre
  5172 | D:9      | Reached skill level 7 in Necromancy
  5298 | D:9      | Reached *** piety under Kikubaaqudgha
  5298 | D:9      | Received a gift from Kikubaaqudgha
  5345 | D:9      | Learned a level 4 spell: Dispel Undead
  5350 | D:9      | Learned a level 4 spell: Animate Dead
  5407 | D:9      | Found a glowing silver altar of Zin.
  5416 | D:9      | Found a shimmering blue altar of Sif Muna.
  5519 | D:9      | Found a shadowy altar of Dithmenos.
  5523 | D:9      | Reached skill level 8 in Necromancy
  5637 | D:9      | Found a staircase to the Lair.
  5812 | Lair:1   | Entered Level 1 of the Lair of Beasts
  5857 | Lair:1   | Noticed Maggie
  5867 | Lair:1   | Killed Maggie
  5956 | Lair:1   | Noticed a four-headed hydra
  6033 | Lair:1   | Killed a four-headed hydra
  6051 | Lair:1   | Reached skill level 9 in Necromancy
  6054 | Lair:1   | Reached XP level 11. HP: 68/81 MP: 10/18
  6496 | D:7      | Identified the +9 spear of the Stork {vorpal, rPois rC-
                  | Dex+4 Stlth+}
  6504 | D:7      | Learned a level 4 spell: Summon Lightning Spire
  6582 | D:7      | Killed Menkaure
  6656 | Lair:1   | Reached skill level 1 in Air Magic
  6853 | Lair:1   | Reached skill level 1 in Polearms
  7094 | Lair:2   | Noticed a five-headed hydra
  7116 | Lair:2   | Killed a five-headed hydra
  7160 | Lair:2   | Reached skill level 10 in Necromancy
  7213 | Lair:2   | Reached skill level 5 in Summonings
  7257 | Lair:2   | Reached **** piety under Kikubaaqudgha
  7258 | Lair:2   | Reached XP level 12. HP: 88/88 MP: 19/19
  7308 | Lair:2   | Reached skill level 5 in Air Magic
  7811 | Lair:3   | Found a staircase to the Snake Pit.
  7847 | Lair:3   | Found a dark tunnel.
  7856 | Volcano  | Entered a volcano
  7932 | Volcano  | Reached skill level 5 in Polearms
  7960 | Volcano  | Reached ***** piety under Kikubaaqudgha
  8184 | Lair:3   | You fall into a shaft and drop 1 floor!
  8351 | Lair:3   | Reached skill level 11 in Necromancy
  8730 | Lair:4   | Gained mutation: You can use your snake-like lower body to
                  | constrict enemies. [Naga growth]
  8730 | Lair:4   | Reached XP level 13. HP: 94/94 MP: 20/20
  8779 | Lair:4   | Found a transporter.
  9080 | Lair:4   | Identified the +1 scale mail of Juwiff {rN+}
  9165 | Lair:4   | Found a transporter.
  9167 | Lair:4   | Found a one-way gate to the infinite horrors of the Abyss.
  9371 | Lair:4   | Found a runed translucent door.
  9473 | Lair:4   | Got the Papyrus of Heat and Execration
  9687 | Lair:4   | Found a staircase to the Swamp.
  9913 | Lair:5   | Identified the +1 chain mail "Hotzoal" {rF+}
 10656 | D:8      | Bought a potion of lignification for 93 gold pieces
 10656 | D:8      | Bought a scroll of identify for 62 gold pieces
 10656 | D:8      | Bought a scroll of magic mapping for 108 gold pieces
 10656 | D:8      | Bought a scroll of identify for 62 gold pieces
 11121 | D:10     | Entered Level 10 of the Dungeon
 11121 | D:10     | Found a transporter.
 11132 | D:10     | Found a transporter.
 11136 | D:10     | Noticed Tutankhamun's ghost (journeyman VSBe)
 11195 | D:10     | Found a sacrificial altar of Ru.
 11476 | D:10     | Reached skill level 12 in Necromancy
 11577 | D:10     | Noticed an ice dragon
 12028 | D:11     | Reached skill level 1 in Fighting
 12054 | D:11     | Reached XP level 14. HP: 88/106 MP: 23/26
 12149 | D:11     | Found Pesemoud's Distillery.
 12339 | D:11     | Reached ****** piety under Kikubaaqudgha
 12658 | D:11     | Bought a potion of curing for 42 gold pieces
 12658 | D:11     | Bought a potion of curing for 42 gold pieces
 12658 | D:11     | Bought a potion of curing for 42 gold pieces
 12658 | D:11     | Bought 2 potions of curing for 84 gold pieces
 12658 | D:11     | Bought 2 potions of curing for 84 gold pieces
 12721 | D:11     | Found a staircase to the Orcish Mines.
 13067 | Temple   | Identified a +2 quick blade of pain (a +0 quick blade of
                  | flaming bloodied by Kikubaaqudgha)
 13067 | Temple   | Received a gift from Kikubaaqudgha
 13257 | Lair:6   | Entered Level 6 of the Lair of Beasts
 13313 | Lair:6   | Reached skill level 1 in Short Blades
 13467 | Lair:6   | Reached skill level 10 in Stealth
 13683 | Lair:6   | Reached skill level 10 in Dodging
 14127 | Lair:6   | Reached skill level 5 in Short Blades
 14398 | Lair:6   | Found a staircase to the Slime Pits.
 14576 | Lair:4   | Noticed kocsisss's ghost (journeyman MiBe)
 14640 | Lair:4   | Killed kocsisss's ghost
 14833 | Orc:1    | Entered Level 1 of the Orcish Mines
 14877 | Orc:1    | Reached XP level 15. HP: 99/120 MP: 22/27
 15000 | Orc:1    | Found a transporter.
 15004 | Orc:1    | Noticed Teryn's ghost (journeyman DsAK)
 15010 | Orc:1    | Identified the +9 great mace of Fodducye {freeze, rF+ Int+4
                  | Dex-3}
 15011 | Orc:1    | Found a transporter.
 15099 | Orc:1    | Killed Teryn's ghost
 15172 | Orc:2    | Entered Level 2 of the Orcish Mines
 15174 | Orc:2    | Found a staircase to the Elven Halls.
 15527 | Orc:2    | Found Onunwam's Antique Weapon Shoppe.
 15849 | Orc:2    | Found Tuod's Antique Armour Emporium.
 15918 | Orc:2    | Reached skill level 10 in Polearms
 15956 | Orc:2    | Reached skill level 13 in Necromancy
 15964 | Orc:2    | Found Radd's Antique Weapon Shop.
 15975 | Orc:2    | Bought an embroidered cloak for 202 gold pieces
 15989 | Orc:2    | Found Resa's Jewellery Shop.
 15991 | Orc:2    | Found Imacheos's Antique Weapon Emporium.
 16471 | D:12     | Reached skill level 1 in Shields
 17124 | D:13     | Found a gate to the Vaults.
 17164 | D:13     | Found a flagged portal.
 17177 | Bailey   | Entered a bailey
 18021 | D:13     | Noticed a fenstrider witch
 18035 | D:13     | Killed a fenstrider witch
 18302 | D:13     | Reached skill level 14 in Necromancy
 18710 | D:14     | Reached skill level 5 in Shields
 18743 | D:14     | Reached XP level 16. HP: 127/127 MP: 28/28
 18904 | D:14     | Identified 2 scrolls of acquirement
 18911 | D:14     | Acquired the +3 barding of Feasting {Harm}
 19207 | D:15     | Entered Level 15 of the Dungeon
 19274 | D:15     | Acquired the +0 cloak of the Beginning {+Blink Will+ Str+2}
 19422 | D:15     | Reached skill level 1 in Evocations
 19592 | D:15     | Found a staircase to the Depths.
 20145 | D:10     | Killed Tutankhamun's ghost
 20597 | Swamp:1  | Entered Level 1 of the Swamp
 20863 | Swamp:1  | Gained mutation: Your spells are a little harder to cast,
                  | but a little more powerful. [potion of mutation]
 20863 | Swamp:1  | Gained mutation: Your body sometimes deteriorates upon
                  | taking damage. [potion of mutation]
 20863 | Swamp:1  | Gained mutation: You are resistant to electric shocks.
                  | (rElec) [potion of mutation]
 21066 | Swamp:2  | Noticed a fenstrider witch
 21077 | Swamp:2  | Killed a fenstrider witch
 21091 | Swamp:2  | Noticed a tentacled monstrosity
 21103 | Swamp:2  | Killed a tentacled monstrosity
 21152 | Swamp:2  | Identified the +1 leather armour of Inaction {Slay+3}
 21688 | Swamp:3  | Reached skill level 15 in Necromancy
 21920 | Swamp:3  | Reached XP level 17. HP: 74/133 MP: 29/29
 22204 | Swamp:4  | Entered Level 4 of the Swamp
 22411 | Snake:1  | Entered Level 1 of the Snake Pit
 22479 | Snake:1  | Learned a level 3 spell: Frozen Ramparts
 22488 | Snake:1  | Learned a level 3 spell: Ozocubu's Armour
 22826 | Snake:1  | Reached skill level 1 in Ice Magic
 23233 | Snake:1  | Found Daxat's Jewellery Shoppe.
 23580 | Snake:2  | HP: 4/133 [naga sharpshooter/bolt (34)]
 23807 | Snake:2  | Noticed Louise
 23836 | Snake:2  | Reached skill level 5 in Ice Magic
 23837 | Snake:2  | Killed Louise
 23943 | Snake:2  | Got the Compendium of Beguiling and Calling
 23977 | Snake:2  | Learned a level 3 spell: Spider Form
 24028 | Snake:2  | Found Teczic's Jewellery Emporium.
 24133 | Snake:2  | Identified the +7 glaive of Fate {venom, *Noise +Rage rCorr
                  | Dex+6}
 24798 | Snake:3  | Reached skill level 1 in Armour
 24859 | Snake:3  | Noticed Nikola
 24861 | Snake:3  | HP: 5/133 [Nikola/bolt of lightning (7)]
 24875 | Snake:3  | Killed Nikola
 25276 | Snake:3  | Found a burning altar of Makhleb.
 25354 | Snake:2  | Bought the ring of Finality {Drain Will+ MP+9 AC+4 Int+6}
                  | for 745 gold pieces
 25354 | Snake:2  | Bought the ring of Quloa {Ice Str+3 Int+2 Dex+4} for 509
                  | gold pieces
 25606 | Orc:2    | Bought a runed scarf for 216 gold pieces
 25617 | Orc:2    | Acquired 618 gold pieces
 25971 | Elf:1    | Entered Level 1 of the Elven Halls
 26131 | Elf:1    | Reached XP level 18. HP: 141/141 MP: 30/30
 26283 | Elf:1    | Got Erexuli's Reference Book on Creative Arcane Weapons
 26372 | Elf:1    | Noticed Asterion
 26397 | Elf:1    | Killed Asterion
 26633 | Elf:1    | You fall into a shaft and drop 1 floor!
 26788 | Elf:2    | Noticed Azrael
 26798 | Elf:2    | Paralysed by an air elemental for 1 turns
 26942 | Elf:2    | Killed Azrael
 26961 | Elf:2    | Reached skill level 5 in Armour
 27617 | Elf:2    | Found Ymiptoda's Distillery.
 27617 | Elf:2    | Found Demem's Distillery.
 27621 | Elf:2    | Found Bakazipp's Jewellery Emporium.
 27621 | Elf:2    | Found Veaghen's General Store.
 27841 | Elf:2    | Found a runed translucent gate.
 27841 | Elf:2    | Found a runed translucent gate.
 27841 | Elf:2    | Found a runed translucent gate.
 28072 | Elf:2    | Bought the ring "Zaur" {rF+ rC+ Int+2} for 691 gold pieces
 28076 | Elf:2    | Bought a potion of curing for 57 gold pieces
 28076 | Elf:2    | Bought 2 potions of curing for 114 gold pieces
 28081 | Elf:2    | Bought a potion of heal wounds for 60 gold pieces
 28081 | Elf:2    | Bought a potion of heal wounds for 60 gold pieces
 28081 | Elf:2    | Bought a potion of heal wounds for 60 gold pieces
 28081 | Elf:2    | Bought a potion of heal wounds for 60 gold pieces
 28081 | Elf:2    | Bought a potion of curing for 36 gold pieces
 28085 | Elf:2    | Bought a scroll of enchant armour for 97 gold pieces
 28237 | Orc:2    | Bought a masterwork trident for 246 gold pieces
 28237 | Orc:2    | Identified the +7 trident of Battle {venom, SInv} (You
                  | bought it in a shop on level 2 of the Orcish Mines)
 28245 | Orc:2    | Learned a level 6 spell: Death Channel
 28871 | Swamp:4  | Reached XP level 19. HP: 117/147 MP: 30/32
 28908 | Swamp:4  | Got a decaying rune of Zot
 29612 | Vaults:1 | Entered Level 1 of the Vaults
 29718 | Vaults:1 | Found Xain's Magic Scroll Emporium.
 29727 | Vaults:1 | Bought a scroll of teleportation for 57 gold pieces
 29727 | Vaults:1 | Bought a scroll of teleportation for 57 gold pieces
 29727 | Vaults:1 | Bought a scroll of teleportation for 57 gold pieces
 29900 | Vaults:1 | Reached skill level 16 in Necromancy
 30033 | Vaults:1 | Reached skill level 10 in Spellcasting
 30141 | Vaults:1 | Found Gyf Ufe's Distillery.
 30174 | Vaults:1 | Found Poppe's General Store.
 30315 | Vaults:1 | Learned a level 2 spell: Wereblood
 30634 | Vaults:1 | Found Kiyrrura's Jewellery Shop.
 30643 | Vaults:1 | Reached skill level 1 in Transmutations
 30870 | Vaults:1 | Found Desekeusm's Antique Weapon Boutique.
 31175 | Vaults:2 | Reached skill level 5 in Fighting
 31180 | Vaults:2 | Noticed Jory
 31188 | Vaults:2 | HP: 2/151 [Jory/crystal spear (97)]
 31189 | Vaults:2 | Found Ybae's Magic Scroll Emporium.
 31198 | Vaults:2 | Slain by Jory

Illustrated notes

Levels and vault maps discovered:
D:1:      dpeg_arrival_line_fractal, layout_loops_ring
D:2:      layout_rooms, shapermc_ecumenical_altar_mp_highgroup, serial_aquarium,
          aquarium_bridge_straight [aquarium_subvault_bridge,
          aquarium_subvault_balcony, aquarium_subvault_bridge,
          aquarium_subvault_wall], aquarium_bridge_long_separate
          [aquarium_subvault_bridge, aquarium_subvault_window,
          aquarium_subvault_bridge, aquarium_subvault_bridge,
          aquarium_subvault_wall, aquarium_subvault_balcony],
          aquarium_window_corridor_1, aquarium_window_2, aquarium_window_1,
          aquarium_view_2g, aquarium_balcony_5a, aquarium_pool_2,
          hangedman_glass_teeth, minmay_liquid_box
D:3:      layout_rooms, minmay_strange_pillars, minmay_box_of_dots, uniq_ijyb,
          uniq_jessica, uniq_robin, uniq_crazy_yiuf_cottage
D:4:      layout_cave_pools, uniq_blork_the_orc
D:5:      layout_gridville, gammafunk_temple_overflow_elements,
          minmay_temple_entry_gardened_gates, serial_bayou_pond_e
D:6:      layout_rooms
D:7:      minmay_the_grid_octo_tiled_squarecenter [minmay_the_grid_octo_clover,
          minmay_the_grid_octo_toaster, minmay_the_grid_octo_clover_2,
          minmay_the_grid_octo_tetromino_candy,
          minmay_the_grid_square_5x5_megaprize_checkered,
          minmay_the_grid_square_5x5_shrine2,
          minmay_the_grid_square_5x5_dogpile, minmay_the_grid_square_5x5_bridge,
          minmay_the_grid_square_5x5_minimal], layout_basic, okawaru_trees_1,
          trog_hazing_becter, uniq_menkaure
D:8:      layout_rooms, serial_shops, nicolae_shop_overgrown_old_shop,
          nrook_loot_triangle
D:9:      layout_gridville, grunt_dithmenos_shadows, xom_confusion_cloud,
          mainiacjoe_overflow_swirl, david_lair_shrubbed
D:10:     minmay_twisted_water, layout_long_grid, mainiacjoe_overflow_brackets,
          gammafunk_ghost_berserking_beasts
D:11:     layout_stronghold, hiddenorc1_lemuel, serial_shops,
          nicolae_shop_statue_plus, st_stairs_3, kennysheep_nondescript,
          grunt_ministairs_2
D:12:     layout_roguey, minmay_diced_spiral
D:13:     layout_grid_maze, david_vaults_1, enter_bailey_2
D:14:     layout_roguey, patterned_corridor
D:15:     grunt_enter_depths_snipers, layout_gridville, grunt_decor_cap,
          nrook_guardian_serpent_double
Temple:   cyrus_circular_temple
Lair:1:   layout_loops_ring, minivault_23, uniq_maggie
Lair:2:   layout_roguey, st_stairs_5, lemuel_fruit_tree
Lair:3:   layout_hall_layers, minmay_snake_entry_six_corridors, enter_volcano_1
Lair:4:   gammafunk_lair_enchanted_lake, layout_regular_city,
          palyth_hydra_swamp_entry, gammafunk_ghost_abyssal_escape,
          minivault_24, worms_lemuel
Lair:5:   layout_concentric_octagons
Lair:6:   minmay_lair_end_frog_pond, layout_cave_pods, dpeg_slime_entry_corner,
          infiniplex_staircase_pool_2
Swamp:1:  layout_basic_swamp, evilmike_swamp_ruin_wall
Swamp:2:  layout_basic_swamp, nicolae_swamp_feature_on_the_river_bank
Swamp:3:  layout_basic_swamp, nicolae_swamp_some_circles, swamp_pool1
Swamp:4:  swamp_vile, layout_basic_swamp, swamp_pool4,
          statue_in_the_mist_lemuel, nicolae_swamp_big_swirl
Snake:1:  layout_grid_maze, serial_shops, shop
Snake:2:  hangedman_cross_stitches, layout_onion, serial_shops, shop,
          st_stairs_5, uniq_louise
Snake:3:  layout_rooms, lemuel_oklob_altar, grunt_megastairs_4, uniq_nikola
Orc:1:    layout_caves, gammafunk_ghost_smash
Orc:2:    st_orc_elflike, layout_caves, serial_shops, shop
Elf:1:    elf_arrival_002, layout_gridlike, minmay_elf_sorcery,
          grunt_megastairs_1, uniq_asterion
Elf:2:    nicolae_elf_blades_splatter_lattice [grunt_blade_entry_basic],
          layout_loops_cross, drop_trap, nicolae_wooded_promenade, uniq_azrael
Vaults:1: nicolae_vaults_lopsided_apartments, nicolae_vaults_little_squares_2,
          nicolae_vaults_little_squares_2, ontoclasm_vaults_decontamination,
          v_misc_32, nicolae_vaults_little_squares_6,
          nicolae_vaults_yaktaur_gun_rack, nicolae_vaults_little_squares_6,
          hangedman_vaults_variations, vaults_room_semicircle,
          vaults_room_corners, v_misc_17, v_misc_5, v_misc_29,
          vaults_room_pools, ontoclasm_vaults_twist, layout_vaults_ring,
          serial_shops, shop, shop, nicolae_shop_waterfront, shop, shop
Vaults:2: ontoclasm_vaults_ring_large, nicolae_vaults_network_s,
          minmay_crypt_entry_simple_sparse, ontoclasm_vaults_fault,
          nicolae_vaults_border_crossing, vaults_standard_mumra_x,
          vaults_mumra_hexcomb, st_cells, hangedman_vaults_trim,
          vaults_dpeg_ring, layout_vaults_omnigrid, serial_shops,
          nicolae_shop_statue_plus, uniq_jory

Skill      XL: |  1  2  3  4  5  6  7  8  9 10 11 12 13 14 15 16 17 18 19 |
---------------+----------------------------------------------------------+-----
Conjurations   | 2 3 5 6 |  6.0
Poison Magic   | 1 3 5 6 |  6.0
Stealth        | 4 6 9 11 12 | 12.7
Translocations | 2 3 |  3.0
Necromancy     | 3 6 9 10 11 12 14 15 16 | 16.8
Spellcasting   | 4 5 8 9 10 | 10.0
Dodging        | 4 7 8 10 12 13 | 13.0
Air Magic      | 4 8 9 |  9.0
Summonings     | 5 6 9 |  9.0
Polearms       | 3 5 8 9 10 | 10.0
Fighting       | 1 4 5 |  5.1
Short Blades   | 5 6 8 |  8.0
Shields        | 5 8 9 |  9.0
Evocations     | 3 |  3.0
Ice Magic      | 8 9 |  9.0
Armour         | 2 5 |  5.0
Transmutations | 1 |  1.8

Action                   |  1- 3 |  4- 6 |  7- 9 | 10-12 | 13-15 | 16-18 | 19-21 || total
-------------------------+-------+-------+-------+-------+-------+-------+-------++-------
Melee: Mace              |     5 |    31 |       |       |       |       |       ||    36
       Spear             |       |     1 |       |   278 |   819 |   193 |    30 ||  1321
       Unarmed           |       |     1 |       |       |       |       |       ||     1
       Quarterstaff      |       |       |   164 |    87 |       |       |       ||   251
       Constrict         |       |       |       |       |   142 |   131 |    32 ||   305
       Quick blade       |       |       |       |       |   201 |   761 |   233 ||  1195
       Staff             |       |       |       |       |       |     1 |       ||     1
 Cast: Magic Dart        |    41 |    81 |    86 |    85 |   108 |    25 |       ||   426
       Mephitic Cloud    |       |     5 |    26 |    84 |   100 |    88 |    22 ||   325
       Blink             |       |     1 |     4 |    52 |    19 |    50 |     3 ||   129
       Animate Dead      |       |       |       |    21 |    65 |    74 |     4 ||   164
       Summon Lightning  |       |       |       |    18 |    35 |    39 |     4 ||    96
       Dispel Undead     |       |       |       |       |    35 |    11 |     3 ||    49
       Ozocubu's Armour  |       |       |       |       |       |    28 |     6 ||    34
       Frozen Ramparts   |       |       |       |       |       |    18 |       ||    18
       Sublimation of Bl |       |       |       |       |       |     1 |       ||     1
       Death Channel     |       |       |       |       |       |     4 |    10 ||    14
       Wereblood         |       |       |       |       |       |       |     5 ||     5
Invok: Receive Corpses   |       |       |       |     3 |    11 |    19 |       ||    33
       Torment           |       |       |       |       |     1 |     2 |       ||     3
       Brand Weapon With |       |       |       |       |     1 |       |       ||     1
 Abil: Spit Poison       |    21 |    34 |    49 |    73 |    93 |    96 |    14 ||   380
Evoke: Wand              |       |       |     1 |       |     1 |     9 |       ||    11
       Box of beasts     |       |       |       |       |       |     1 |       ||     1
       Condenser vane    |       |       |       |       |       |     1 |       ||     1
  Use: Potion            |       |     1 |     3 |     5 |     7 |    17 |     1 ||    34
       Scroll            |       |       |     8 |     2 |    20 |    17 |     2 ||    49
 Stab: Confused          |       |     1 |     9 |    27 |   103 |    38 |    22 ||   200
       Petrifying        |       |       |       |     1 |       |       |       ||     1
       Sleeping          |       |       |       |     1 |     8 |    21 |    11 ||    41
       Distracted        |       |       |       |     2 |    12 |    10 |     3 ||    27
Armor: Robe              |    15 |    39 |    79 |   107 |   234 |   258 |    48 ||   780
       Skin              |       |     6 |    27 |    14 |    10 |       |       ||    57
Dodge: Dodged            |    14 |    48 |    87 |   188 |   391 |   221 |    42 ||   991
       Repelled          |       |       |       |       |       |     9 |     2 ||    11
Block: Kite shield       |       |       |       |       |       |   334 |    68 ||   402
